 Dungeon Crawl Stone Soup version 0.30-a0-782-ge64f9170bb (webtiles) character file.

Game seed: 10518251409542293172

127 avis the Shooter (level 4, 0/35 HPs)
             Began as a Demigod Hexslinger on Feb 18, 2023.
             Slain by an orc
             ... wielding a +0 war axe
              (8 damage)
             ... on level 2 of the Dungeon.
             The game lasted 00:15:35 (2587 turns).

avis the Shooter (Demigod Hexslinger)               Turns: 2587, Time: 00:15:36

Health: 0/35       AC:  3    Str: 11    XL:     4   Next: 56%
Magic:  7/8        EV: 12    Int: 15    God:
Gold:   110        SH:  0    Dex: 18    Spells: 4/5 levels left

rFire   . . .      SeeInvis +    b - +1 sling
rCold   . . .      Faith    .    (no shield)
rNeg    . . .      Spirit   .    c - +0 robe
rPois   .          Reflect  .    n - +0 helmet
rElec   .          Harm     .    (no cloak)
rCorr   .          Rampage  .    (no gloves)
Will    .....                    (no boots)
Stlth   ++                       (no amulet)
HPRegen 0.25/turn                o - ring of see invisible
MPRegen 0.11/turn                (no ring)

@: no status effects
A: high MP 1, forlorn, divine attributes
a: no special abilities


You were on level 2 of the Dungeon.
You visited 1 branch of the dungeon, and saw 3 of its levels.

You collected 110 gold pieces.

Inventory:

Hand Weapons
 a - a +0 falchion
 b - a +1 sling (weapon)
 r - a +0 short sword
 w - a +0 dagger
Armour
 c - a +0 robe (worn)
 n - a +0 helmet (worn)
Jewellery
 o - a ring of see invisible (left hand)
Scrolls
 d - a scroll of poison
 g - a scroll of silence {unknown}
 h - 2 scrolls of fear {unknown}
 i - 3 scrolls of identify {unknown}
 j - 2 scrolls of enchant armour {unknown}
 k - 2 scrolls of noise {unknown}
 m - a scroll of enchant weapon {unknown}
Potions
 e - a potion of resistance {unknown}
 f - 2 potions of attraction {unknown}
 l - 2 potions of brilliance {unknown}
 p - a potion of might {unknown}
 q - a potion of degeneration {unknown}


   Skills:
 - Level 1.0 Fighting
 * Level 4.5 Ranged Weapons
 - Level 1.7 Dodging
 - Level 1.0 Stealth
 - Level 1.0 Spellcasting
 - Level 2.6 Hexes


You had 4 spell levels left.
You knew the following spells:

 Your Spells              Type           Power      Damage    Failure   Level
a - Slow                  Hex            32%        N/A       9%          1

Your spell library contained the following spells:

 Spells                   Type           Power      Damage    Failure   Level
 Kiss of Death            Conj/Necr      0%         2d5       24%         1
 Confusing Touch          Hex            8%         N/A       24%         3
 Inner Flame              Hex/Fire       4%         N/A       38%         3
 Portal Projectile        Hex/Tloc       8%         N/A       38%         3
 Cause Fear               Hex            4%         N/A       63%         4
 Dispel Undead            Necr           0%         3d6       94%         4


Dungeon Overview and Level Annotations

Branches:
Dungeon (3/15)


Innate Abilities, Weirdness & Mutations

You have an increased reservoir of magic. (+10% MP)
You shall have no god before yourself.
Your divine heritage dramatically boosts your attributes as you level up.


Message History

Casting: Slow (safe; 9% risk of failure)
Confirm with . or Enter, or press ? or * to list all spells.
Aiming: Slow (safe; 9% risk of failure)
Press: ? - help, Shift-Dir - straight line, f/p - orc warrior
Aim: an orc warrior, wielding a +0 arbalest and wearing a +0 plate armour (chance to affect: 41%)
The orc warrior resists with some effort.
The orc warrior shoots a bolt.
The bolt closely misses you.
Casting: Slow (safe; 9% risk of failure)
Confirm with . or Enter, or press ? or * to list all spells.
Aiming: Slow (safe; 9% risk of failure)
Press: ? - help, Shift-Dir - straight line, f/p - orc warrior
Aim: an orc warrior, wielding a +0 arbalest and wearing a +0 plate armour (chance to affect: 41%)
The orc warrior resists with some effort.
The orc warrior shoots a bolt.
The bolt hits you!!
Ouch! That really hurt!
* * * LOW HITPOINT WARNING * * *
The orc warrior shoots a bolt.
The bolt barely misses you.
You climb upwards.
There is a stone staircase leading down here.
You start resting.
Your magical contamination has completely faded away.
You start resting.
Magic restored.
You start resting.
HP restored.
You climb downwards.
The orc closely misses you.
The orc warrior shoots a bolt.
The bolt hits you!
There is a stone staircase leading up, spattered with blood here.
The orc hits you with a +0 war axe.
The orc warrior shoots a bolt.
The bolt hits you!
* * * LOW HITPOINT WARNING * * *
You climb upwards.
There is a stone staircase leading down here.
Casting: Slow (safe; 9% risk of failure)
Confirm with . or Enter, or press ? or * to list all spells.
Aiming: Slow (safe; 9% risk of failure)
Press: ? - help, Shift-Dir - straight line, f - orc
Aim: an orc, wielding a +0 war axe (chance to affect: 59%)
The orc seems to slow down.
The orc hits you with a +0 war axe!
You die...

##....# ##.###..# #)..
#.############# ##.#####
#... #.# #....(..# #.#
#... #÷# #.......# #.#
#####... #.# #.......###
#.#####....... #<#
#.....<...###.#...).......
#.#
#.......#.##..#.###.......
#.## #.......#.##.##.#
#####... #..#
#.......[@..)...# #...
##.# #########o##.####
#... #†# ####.# #... #.#
###### #.# ####.# #.#
##....# #.# #.....
#.#####...#.#####.# #.##.#
#.......#.#.......#
###.##..
#######...#########
#.....## ##### ####.#.....


You could see an orc (slow).

Vanquished Creatures
  2 gnolls (D:2)
  4 adders (D:2)
  3 worms (D:2)
  2 dart slugs (D:2)
  2 orcs (D:2)
  5 ball pythons
  3 bats (D:1)
  6 endoplasms
  2 giant cockroaches
  6 goblins
  5 hobgoblins
  4 jackals (D:1)
  2 quokkas
  2 frilled lizards (D:1)
  A kobold (D:1)
  6 rats
55 creatures vanquished.

Vanquished Creatures (others)
  3 demonic plants (D:2)
  2 fungi (D:2)
  5 plants (D:2)
  3 withered plants (D:2)
13 creatures vanquished.

Grand Total: 68 creatures vanquished

Notes
Turn   | Place    | Note
-------+----------+-------------------------------------------
     0 | D:1      | avis the Demigod Hexslinger began the quest for the Orb.
     0 | D:1      | Reached XP level 1. HP: 15/15 MP: 4/4
    84 | D:1      | Reached skill level 2 in Ranged Weapons
   366 | D:1      | Reached XP level 2. HP: 14/22 MP: 1/5
   650 | D:1      | Reached skill level 3 in Ranged Weapons
  1097 | D:2      | Reached XP level 3. HP: 24/27 MP: 4/6
  1514 | D:2      | Reached skill level 4 in Ranged Weapons
  1514 | D:2      | Reached skill level 1 in Fighting
  1819 | D:2      | Reached skill level 1 in Stealth
  1819 | D:2      | Reached XP level 4. HP: 35/35 MP: 8/8
  2417 | D:3      | Noticed an orc warrior
  2587 | D:2      | Slain by an orc

Illustrated notes

Levels and vault maps discovered:
D:1:      onia_arrival_pentagram, layout_basic, minmay_indecisive_spiral
D:2:      layout_loops_cross, shapermc_ecumenical_altar_gd
D:3:      layout_basic, nicolae_ashenzari_skybound,
          nicolae_elevator_lobby_asterisk

Skill      XL: |  1  2  3 |
---------------+----------+-----
Ranged Weapons | 2 3 4 |  4.5
Fighting       | 1 |  1.0
Stealth        | 1 |  1.0
Dodging        | |  1.7
Spellcasting   | |  1.0
Hexes          | |  2.6

Action                     |  1- 3 |  4- 6 || total
---------------------------+-------+-------++-------
   Fire: Sling             |   131 |    61 ||   192
   Cast: Slow              |    46 |    24 ||    70
 Armour: Robe              |     9 |     5 ||    14
  Dodge: Dodged            |    53 |    17 ||    70

Table legend: (Time is in decaauts)
 A = Elapsed time spent in this place.
 B = Non-inter-level travel time spent in this place.
 C = Inter-level travel time spent in this place.
 D = Time resting spent in this place.
 E = Time spent auto-exploring this place.
 F = Levels seen in this place.
 G = Mean time per level.
                   A        B        C        D        E       F      G
               +--------+--------+--------+--------+--------+-----+--------+
         Total |   2635 |   2537 |     98 |    828 |   1024 |   3 |  878.3 |
       Dungeon |   2635 |   2537 |     98 |    828 |   1024 |   3 |  878.3 |
               +--------+--------+--------+--------+--------+-----+--------+

Top non-repeatable levels by time:
     D:2: 1507 daAuts
     D:1: 1087 daAuts
     D:3: 41 daAuts
